PL
BROOKLYN DODGERS @ GRAFTON MIDDIES
04/22/2020
 
TOP OF THE 1ST
Brooklyn Dodgers batting - Pitching for Grafton Middies : RHP Luis Mata
Pitching: RHP Luis Mata
Batting: LHB Chris Gregory 0-0: Called Strike
0-1: Ball
1-1: Ball
2-1: Ball
3-1: Base on Balls
Batting: LHB Rubén López 0-0: Fly out, F3 (Line Drive, 34)
Batting: RHB Thom Wilcox 0-0: Ball
1-0: Ball
2-0: SINGLE (Groundball, 4MD)
Chris Gregory to second
Runner from 2nd tries for 3rd, SAFE, throw made to third
Batting: LHB Ray Sears 0-0: Ball
1-0: Fielders Choice at 2nd, 3-6 (Groundball, 34)
Chris Gregory scores
Batting: LHB Ron Bascombe 0-0: Ground out 5-3 (Groundball, 5)
Top of the 1st over - 1 run(s), 1 hit(s), 0 error(s), 1 left on base; Brooklyn 1 - Grafton 0
BOTTOM OF THE 1ST
Grafton Middies batting - Pitching for Brooklyn Dodgers : LHP Ryan Ray
Pitching: LHP Ryan Ray
Batting: RHB Raúl Robles 0-0: Foul Ball, location: 2F
0-1: Ball
1-1: SINGLE (Groundball, 4D)
Batting: RHB José Álvarez 0-0: Called Strike
0-1: Fly out, F9 (Flyball, 9S)
Batting: LHB Min-heui Im 0-0: Ball
1-0: Ground out 3-1 (Groundball, 34)
Raúl Robles to second
Batting: RHB Iván Vargas 0-0: Fly out, F3 (Line Drive, 3)
Bottom of the 1st over - 0 run(s), 1 hit(s), 0 error(s), 1 left on base; Brooklyn 1 - Grafton 0
TOP OF THE 2ND
Brooklyn Dodgers batting - Pitching for Grafton Middies : RHP Luis Mata
Batting: LHB Pancho García 0-0: SINGLE (Groundball, 4MD) (infield hit)
Batting: RHB Sean Davis 0-0: Called Strike
0-1: Swinging Strike
0-2: Strikes out swinging
Batting: SHB Shojiro Kimura 0-0: Ball
1-0: Fly out, F3 (Popup, 3S)
Batting: SHB Ryan Ray 0-0: Called Strike
0-1: Ball
1-1: Ball
2-1: Called Strike
2-2: Ground out 3-1 (Groundball, 34)
Top of the 2nd over - 0 run(s), 1 hit(s), 0 error(s), 1 left on base; Brooklyn 1 - Grafton 0
BOTTOM OF THE 2ND
Grafton Middies batting - Pitching for Brooklyn Dodgers : LHP Ryan Ray
Batting: RHB Curt Phillips 0-0: Ball
1-0: Foul Ball, location: 2F
1-1: Swinging Strike
1-2: Strikes out swinging
Batting: RHB Nam-sup Yi 0-0: Called Strike
0-1: Swinging Strike
0-2: Fly out, F6 (Popup, 56D)
Batting: RHB Wes Bradley 0-0: Ball
1-0: Ball
2-0: Swinging Strike
2-1: Swinging Strike
2-2: Foul Ball, location: 2F
2-2: Strikes out swinging
Bottom of the 2nd over - 0 run(s), 0 hit(s), 0 error(s), 0 left on base; Brooklyn 1 - Grafton 0
TOP OF THE 3RD
Brooklyn Dodgers batting - Pitching for Grafton Middies : RHP Luis Mata
Batting: LHB Chris Gregory 0-0: Ball
1-0: Foul Ball, location: 2F
1-1: Foul Ball, location: 2F
1-2: Foul Ball, location: 2F
1-2: Foul Ball, location: 2F
1-2: Ball
2-2: Strikes out swinging
Batting: LHB Rubén López 0-0: Called Strike
0-1: Ball
1-1: Ball
2-1: Foul Ball, location: 2F
2-2: Ball
3-2: Strikes out swinging
Batting: RHB Thom Wilcox 0-0: Foul Ball, location: 2F
0-1: Ball
1-1: Ball
2-1: Foul Ball, location: 2F
2-2: Ball
3-2: Base on Balls
Batting: LHB Ray Sears 0-0: Ground out 4-3 (Groundball, 34)
Top of the 3rd over - 0 run(s), 0 hit(s), 0 error(s), 1 left on base; Brooklyn 1 - Grafton 0
BOTTOM OF THE 3RD
Grafton Middies batting - Pitching for Brooklyn Dodgers : LHP Ryan Ray
Batting: RHB Justin Bingham 0-0: Ball
1-0: SINGLE (Line Drive, 6M)
Batting: RHB Luis Mata 0-0: Sac Bunt - play at first, batter OUT! 3-4
Justin Bingham to second
Batting: RHB Raúl Robles 0-0: Fly out, F7 (Flyball, 7D)
Runner from 2nd tags up, SAFE at 3rd, no throw
Batting: RHB José Álvarez 0-0: Fly out, F8 (Flyball, 8LM)
Bottom of the 3rd over - 0 run(s), 1 hit(s), 0 error(s), 1 left on base; Brooklyn 1 - Grafton 0
TOP OF THE 4TH
Brooklyn Dodgers batting - Pitching for Grafton Middies : RHP Luis Mata
Batting: LHB Ron Bascombe 0-0: Ball
1-0: Foul Ball, location: 2F
1-1: Ball
2-1: Swinging Strike
2-2: Foul Ball, location: 2F
2-2: Ball
3-2: Base on Balls
Batting: LHB Pancho García 0-0: Called Strike
0-1: Foul Ball, location: 2F
0-2: Strikes out swinging
Batting: RHB Sean Davis 0-0: Ball
1-0: Called Strike
1-1: Foul Ball, location: 2F
1-2: Strikes out swinging
Batting: SHB Shojiro Kimura 0-0: Ball
1-0: Ball
2-0: Fly out, F6 (Popup, 5)
Top of the 4th over - 0 run(s), 0 hit(s), 0 error(s), 1 left on base; Brooklyn 1 - Grafton 0
BOTTOM OF THE 4TH
Grafton Middies batting - Pitching for Brooklyn Dodgers : LHP Ryan Ray
Batting: LHB Min-heui Im 0-0: Ball
1-0: Swinging Strike
1-1: Foul Ball, location: 2F
1-2: Strikes out swinging
Batting: RHB Iván Vargas 0-0: Ground out 6-3 (Groundball, 6)
Batting: RHB Curt Phillips 0-0: Fly out, F7 (Line Drive, 78M)
Bottom of the 4th over - 0 run(s), 0 hit(s), 0 error(s), 0 left on base; Brooklyn 1 - Grafton 0
TOP OF THE 5TH
Brooklyn Dodgers batting - Pitching for Grafton Middies : RHP Luis Mata
Pitching: RHP Al Turner
Pinch Hitting: RHB Brad Perry 0-0: Bunt for hit - play at first, batter OUT! 1-3
Batting: LHB Chris Gregory 0-0: Called Strike
0-1: Ball
1-1: Ball
2-1: Foul Ball, location: 2F
2-2: Fly out, F9 (Line Drive, 9S)
Batting: LHB Rubén López 0-0: Called Strike
0-1: Ground out U3 (Groundball, 3L)
Top of the 5th over - 0 run(s), 0 hit(s), 0 error(s), 0 left on base; Brooklyn 1 - Grafton 0
BOTTOM OF THE 5TH
Grafton Middies batting - Pitching for Brooklyn Dodgers : LHP Ryan Ray
Pitching: RHP Angus Barlow
Batting: RHB Nam-sup Yi 0-0: Called Strike
0-1: Called Strike
0-2: Fly out, F7 (Flyball, 7M)
Batting: RHB Wes Bradley 0-0: Called Strike
0-1: Called Strike
0-2: Strikes out looking
Batting: RHB Justin Bingham 0-0: Ball
1-0: Ball
2-0: SINGLE (Flyball, 78M)
Pinch Hitting: LHB Guillermo Romero 0-0: Ball
1-0: Swinging Strike
1-1: Foul Ball, location: 2F
1-2: Ball
2-2: Foul Ball, location: 2F
2-2: Fly out, F4 (Popup, 4)
Bottom of the 5th over - 0 run(s), 1 hit(s), 0 error(s), 1 left on base; Brooklyn 1 - Grafton 0
TOP OF THE 6TH
Brooklyn Dodgers batting - Pitching for Grafton Middies : RHP Al Turner
Pitching: RHP Edgardo Marín
Batting: RHB Thom Wilcox 0-0: Ball
1-0: Called Strike
1-1: Foul Ball, location: 2F
1-2: Strikes out swinging
Batting: LHB Ray Sears 0-0: Swinging Strike
0-1: Called Strike
0-2: Strikes out swinging
Batting: LHB Ron Bascombe 0-0: Ball
1-0: Called Strike
1-1: Foul Ball, location: 2F
1-2: Foul Ball, location: 2F
1-2: Foul Ball, location: 2F
1-2: Ball
2-2: Strikes out looking
Top of the 6th over - 0 run(s), 0 hit(s), 0 error(s), 0 left on base; Brooklyn 1 - Grafton 0
BOTTOM OF THE 6TH
Grafton Middies batting - Pitching for Brooklyn Dodgers : RHP Angus Barlow
Batting: RHB Raúl Robles 0-0: Called Strike
0-1: Called Strike
0-2: Ball
1-2: SINGLE (Flyball, 4MD)
Batting: RHB José Álvarez 0-0: Bunt missed!
0-1: Ball
1-1: Bunted foul
1-2: Ball
2-2: Strikes out looking
Batting: LHB Min-heui Im 0-0: Ball
1-0: SINGLE (Groundball, 34S)
Raúl Robles to second
Runner from 2nd tries for 3rd, SAFE, no throw or cutoff
Batting: RHB Iván Vargas 0-0: Foul Ball, location: 2F
0-1: Ball
1-1: Called Strike
1-2: Ball
2-2: Foul Ball, location: 2F
2-2: Fly out, F7 (Popup, 7S)
Batting: RHB Curt Phillips 0-0: Ball
1-0: Called Strike
1-1: Ball
2-1: Foul Ball, location: 2F
2-2: Ball
3-2: Fly out, F7 (Flyball, 7D)
Bottom of the 6th over - 0 run(s), 2 hit(s), 0 error(s), 2 left on base; Brooklyn 1 - Grafton 0
TOP OF THE 7TH
Brooklyn Dodgers batting - Pitching for Grafton Middies : RHP Edgardo Marín
Batting: LHB Pancho García 0-0: SOLO HOME RUN (Flyball, 9D), Distance : 391 ft
Batting: RHB Sean Davis 0-0: Foul Ball, location: 2F
0-1: Ball
1-1: Foul Ball, location: 2F
1-2: Ball
2-2: Ground out 6-3 (Groundball, 6M)
Batting: SHB Shojiro Kimura 0-0: Ball
1-0: Foul Ball, location: 2F
1-1: Swinging Strike
1-2: Strikes out swinging
Batting: RHB Angus Barlow 0-0: Called Strike
0-1: Called Strike
0-2: Strikes out looking
Top of the 7th over - 1 run(s), 1 hit(s), 0 error(s), 0 left on base; Brooklyn 2 - Grafton 0
BOTTOM OF THE 7TH
Grafton Middies batting - Pitching for Brooklyn Dodgers : RHP Angus Barlow
Batting: RHB Nam-sup Yi 0-0: Ball
1-0: Ball
2-0: Foul Ball, location: 2F
2-1: DOUBLE (Line Drive, 3D)
Pitching: RHP José Ramos
Batting: RHB Wes Bradley 0-0: Called Strike
0-1: Ball
1-1: Foul Ball, location: 2F
1-2: Foul Ball, location: 2F
1-2: SINGLE (Line Drive, 6D)
Nam-sup Yi to third
Batting: RHB Justin Bingham 0-0: Ball
1-0: Ball
2-0: Fly out, F9 (Flyball, 9LD)
Runner from 3rd tags up, SCORES, no throw
Pinch Hitting: RHB José Peña 0-0: Foul Ball, location: 2F
0-1: Fly out, F3 (Popup, 23F)
Pinch Hitting: RHB Brent Barlow 0-0: Ball
1-0: Ball
2-0: Ball
3-0: Called Strike
3-1: Swinging Strike
3-2: Foul Ball, location: 2F
3-2: Foul Ball, location: 2F
3-2: Fly out, F4 (Popup, 3L)
Bottom of the 7th over - 1 run(s), 2 hit(s), 0 error(s), 1 left on base; Brooklyn 2 - Grafton 1
TOP OF THE 8TH
Brooklyn Dodgers batting - Pitching for Grafton Middies : RHP Edgardo Marín
Pitching: RHP Darwin von Loen
Now in RF: Brady Ferris
Batting: LHB Chris Gregory 0-0: Called Strike
0-1: Ball
1-1: Ball
2-1: Foul Ball, location: 2F
2-2: Ball
3-2: Fly out, F6 (Popup, 6)
Pinch Hitting: RHB Luis Rivas 0-0: Foul Ball, location: 2F
0-1: Swinging Strike
0-2: Strikes out swinging
Batting: RHB Thom Wilcox 0-0: Ball
1-0: Foul Ball, location: 2F
1-1: Swinging Strike
1-2: Strikes out swinging
Top of the 8th over - 0 run(s), 0 hit(s), 0 error(s), 0 left on base; Brooklyn 2 - Grafton 1
BOTTOM OF THE 8TH
Grafton Middies batting - Pitching for Brooklyn Dodgers : RHP José Ramos
Now at 1B: Don MacNeilage
Pinch Hitting: RHB Pedro Orozco 0-0: SINGLE (Flyball, 89S)
Pinch Hitting: RHB Scotty Anderson 0-0: Ball
1-0: Ball
2-0: Called Strike
2-1: Foul Ball, location: 2F
2-2: Ball
3-2: Grounds into double play, 6-4-3 (Groundball, 6)
Pitching: RHP António Vega
Pinch Hitting: RHB Tracy Larson 0-0: Called Strike
0-1: Ball
1-1: Swinging Strike
1-2: Foul Ball, location: 2F
1-2: Ball
2-2: Fly out, F3 (Line Drive, 3S)
Bottom of the 8th over - 0 run(s), 1 hit(s), 0 error(s), 0 left on base; Brooklyn 2 - Grafton 1
TOP OF THE 9TH
Brooklyn Dodgers batting - Pitching for Grafton Middies : RHP Darwin von Loen
Now at C: Scotty Anderson
Now at SS: Tracy Larson
Now in CF: Pedro Orozco
Batting: LHB Ray Sears 0-0: Swinging Strike
0-1: Ball
1-1: Foul Ball, location: 2F
1-2: Strikes out looking
Pinch Hitting: LHB Ye Der 0-0: Ball
1-0: Ball
2-0: Fly out, F6 (Popup, 6MD)
Pinch Hitting: RHB Ichiyo Fujii 0-0: Ground out 6-3 (Groundball, 6)
Top of the 9th over - 0 run(s), 0 hit(s), 0 error(s), 0 left on base; Brooklyn 2 - Grafton 1
BOTTOM OF THE 9TH
Grafton Middies batting - Pitching for Brooklyn Dodgers : RHP António Vega
Now in LF: Ichiyo Fujii
Now in RF: Ye Der
Pinch Hitting: SHB Andrew Baker 0-0: Ball
1-0: Called Strike
1-1: Foul Ball, location: 2F
1-2: Strikes out swinging
Pinch Hitting: RHB Dan Yarbrough 0-0: Foul Ball, location: 2F
0-1: Ball
1-1: Ball
2-1: Foul Ball, location: 2F
2-2: Strikes out looking
Pinch Hitting: RHB Nathan Boswell 0-0: Called Strike
0-1: Ball
1-1: Foul Ball, location: 2F
1-2: Fly out, F3 (Popup, 34)
Bottom of the 9th over - 0 run(s), 0 hit(s), 0 error(s), 0 left on base; Brooklyn 2 - Grafton 1
This league is powered by Out of the Park Baseball, the baseball management simulation game for PC, Mac and Linux
Friday, October 23rd, 2015 - OOTP Baseball 16.9 Build 39